 Dungeon Crawl Stone Soup version 0.30-a0-1160-g6e42c06551 (webtiles) character file.

Game seed: 1790323546710360677

2655 kae the Changer (level 9, -3/68 HPs)
             Began as a Demigod Transmuter on Apr 25, 2023.
             Slain by a gnoll
             ... wielding a +0 club
             ... led by a gnoll sergeant
              (6 damage)
             ... on level 8 of the Dungeon.
             The game lasted 00:06:55 (6625 turns).

kae the Changer (Demigod Transmuter)                Turns: 6625, Time: 00:06:55

Health: -3/68      AC:  9    Str: 15    XL:     9   Next: 14%
Magic:  14/19      EV: 12    Int: 29    God:
Gold:   389        SH:  0    Dex: 14    Spells: 2/17 levels left

rFire   . .          .
                       - Unarmed
rCold   . . .        (shield currently unavailable)
rNeg    . . .        a - +0 robe
rPois   .            (no helmet)
rElec   .            B - +2 cloak
rCorr   .            D - melded +0 pair of gloves
SInv    .            (no boots)
Will    .....        (no amulet)
Stlth   +            O - +4 ring of protection
HPRegen 0.31/turn    I - +6 ring of intelligence
MPRegen 0.16/turn

%: no passive effects
@: blade hands, wereblooded
A: high MP 1, forlorn, divine attributes
a: End Transformation


You were on level 8 of the Dungeon.
You had blades for hands.
You visited 1 branch of the dungeon, and saw 8 of its levels.

You collected 389 gold pieces.


Innate Abilities, Weirdness & Mutations

You have blades for hands.
Your spellcasting is less reliable in this form.
You are incapable of wielding weapons or throwing items.
You have an increased reservoir of magic. (+10% MP)
You shall have no god before yourself.
Your divine heritage dramatically boosts your attributes as you level up.


   Skills:
 + Level 2.3 Fighting
 + Level 2.8 Dodging
 + Level 5.4 Unarmed Combat
 + Level 4.5 Spellcasting
 * Level 7.0 Transmutations
 * Level 5.3 Ice Magic
 - Level 2.0 Poison Magic


You had 2 spell levels left.
You knew the following spells:

 Your Spells              Type           Power      Damage    Failure   Level
a - Beastly Appendage     Tmut           94%        N/A       11%         1
b - Wereblood             Tmut           47%        N/A       12%         2
c - Spider Form           Tmut/Pois      32%        N/A       26%         3
d - Ice Form              Ice/Tmut       42%        N/A       32%         4
e - Blade Hands           Tmut           23%        N/A       47%         5

Your spell library contained the following spells:

 Spells                   Type           Power      Damage    Failure   Level
 Sting                    Tmut/Pois      100%       1d8       16%         1
 Passwall                 Tmut/Erth      21%        N/A       22%         2
 Ensorcelled Hibernation  Hex/Ice        44%        N/A       26%         2
 Apportation              Tloc           12%        N/A       38%         1
 Summon Small Mammal      Summ           24%        N/A       38%         1
 Poisonous Vapours        Pois/Air       24%        N/A       38%         2
 Mephitic Cloud           Conj/Pois/Air  10%        N/A       56%         3
 Call Canine Familiar     Summ           6%         N/A       63%         3
 Portal Projectile        Hex/Tloc       12%        N/A       63%         3
 Summon Guardian Golem    Hex/Summ       6%         N/A       63%         3
 Swiftness                Air            6%         N/A       63%         3
 Olgreb's Toxic Radiance  Pois           18%        N/A       71%         4
 Alistair's Intoxication  Tmut/Pois      21%        N/A       71%         5
 Animate Armour           Summ/Erth      12%        N/A       89%         4
 Leda's Liquefaction      Hex/Erth       3%         N/A       89%         4
 Freezing Cloud           Conj/Ice/Air   8%         6-21      94%         5
 Iron Shot                Conj/Erth      3%         9d2       100%        6
 Orb of Destruction       Conj           3%         9d5       100%        7
 Spellforged Servitor     Conj/Summ      3%         N/A       100%        7

Inventory:

Hand Weapons
 g - a +0 short sword
   (You took it off a kobold on level 1 of the Dungeon)
Missiles
 b - 110 stones
 e - 19 poisoned darts
 q - a throwing net {=f!f}
 u - 8 atropa-tipped darts
 x - 2 curare-tipped darts {=f}
Armour
 a - a +0 robe (worn)
 B - a +2 cloak (worn)
   (You found it on level 5 of the Dungeon)
 D - a +0 pair of gloves (melded)
   (You found it on level 5 of the Dungeon)
Magical Staves
 n - a staff of earth {!a}
   (You found it on level 4 of the Dungeon)
 G - a staff of poison {!a}
   (You found it on level 7 of the Dungeon)
Jewellery
 t - an amulet of magic regeneration
   (You found it on level 4 of the Dungeon)
 C - a ring of protection from cold
   (You found it on level 3 of the Dungeon)
 F - a ring of fire
   (You found it on level 7 of the Dungeon)
 I - a +6 ring of intelligence (right blade hand)
   (You found it on level 2 of the Dungeon)
 O - a +4 ring of protection (left blade hand)
   (You found it on level 4 of the Dungeon)
 R - a ring of resist corrosion
   (You found it on level 1 of the Dungeon)
Wands
 y - a wand of roots (12)
   (You found it on level 6 of the Dungeon)
Scrolls
 c - 3 scrolls of fear
 h - 5 scrolls of noise {!r}
 k - 3 scrolls of teleportation {@r4}
 m - 2 scrolls of magic mapping {!r}
 o - 4 scrolls of vulnerability {!r!r}
 r - 2 scrolls of summoning
 v - a scroll of identify {@r1}
Potions
 d - 3 potions of heal wounds {@q2}
 f - a potion of invisibility
 i - a potion of attraction {!q}
 j - 2 potions of berserk rage {!q}
 l - 2 potions of magic
 p - 3 potions of curing {@q1}
 s - 2 potions of lignification {!q}
 w - 2 potions of flight
 z - 2 potions of might
 A - a potion of cancellation
 E - a potion of degeneration {!q}
 H - a potion of mutation {!q}

Dungeon Overview and Level Annotations

Branches:
Dungeon (8/15) Zot: 26933  Temple (0/1) D:7
   Lair: D:8-11

# ### #.#<#
#.#)#######
#.))g...o..
#.#@#######
#.#g# . #..
## #...
#....
#.....
..##### ###


You could see 2 gnolls and an orc.


Message History

This spell is dangerous to cast!
Memorise Blade Hands, consuming 5 spell levels and leaving 2?
You start memorising the spell.
You continue memorising.
Your primal bloodlust has ended.
You continue memorising. x4
You finish memorising.
Spell assigned to 'e'. 😕 HP[+2]
You regained 2 hp, and now have 74/80 hp.
You warm up again.
Your +2 cloak unmelds from your body.
Your +0 pair of gloves unmelds from your body.
Your +0 robe unmelds from your body. 😕 HP[-12]
You now have 67 max hp (-13).
Casting: Wereblood (safe; 1% risk of failure)
Confirm with . or Enter, or press ? or * to list all spells.
Your hands turn into razor-sharp scythe blades.
Your +0 pair of gloves melds into your body. 😕 MP[-5]
You lost 5 mp, and now have 14/19 mp.
Casting: Blade Hands (quite dangerous; 47% risk of failure)
Confirm with . or Enter, or press ? or * to list all spells.
Your blood is infused with primal strength. 😕 HP[+1] MP[-2]
You lost 2 mp, and now have 12/19 mp.
You climb downwards.
The gnoll hits you but does no damage. The gnoll sergeant barely misses you.
There is a stone staircase leading up here. 😕 HP[+1] MP[+1]
You slice the gnoll sergeant!!
The gnoll hits you from afar with a +0 spear!
The gnoll sergeant closely misses you. 😕 HP[-8]
You take 8 damage, and now have 56/67 hp.
You barely miss the gnoll sergeant.
The gnoll hits you from afar with a +0 halberd.
The gnoll hits you but does no damage. The gnoll closely misses you.
The gnoll sergeant hits you with a +0 spear. 😮 HP[-12]
You take 12 damage, and now have 44/67 hp.
You slash the gnoll sergeant!
You feel a bit better.
You kill the gnoll sergeant!
You howl as the wereblood boils in your veins!
The gnoll barely misses you. x2; The gnoll misses you. 😮 HP[+4]
You regained 4 hp, and now have 48/67 hp.
Unknown command.
The gnoll hits you but does no damage. The gnoll barely misses you. x2
The gnoll hits you with a +0 spear.
Things that are here:
a +0 spear; a +0 scale mail; a gnoll corpse 😮 HP[-2]
You take 2 damage, and now have 46/67 hp.
You slash the gnoll!
You feel a bit better.
You kill the gnoll!
The gnoll hits you with a +0 spear. The gnoll hits you with a +0 halberd!
The gnoll closely misses you.
Your Transmutations skill increases to level 7! 😮 HP[-6]
You now have 68 max hp (+1).
You take 6 damage, and now have 40/68 hp.
You slash the gnoll! The gnoll hits you but does no damage.
The gnoll misses you.
The gnoll hits you from afar with a +0 halberd. 😮 HP[-2]
You take 2 damage, and now have 38/68 hp.
The gnoll hits you with a +0 spear.
* * * LOW HITPOINT WARNING * * *
The gnoll barely misses you. The gnoll closely misses you.
You see here a +0 spear. 😨 HP[-5] MP[+1]
You take 5 damage, and now have 33/68 hp.
You barely miss the gnoll.
You howl as the wereblood boils in your veins! 😨 HP[+1]
You slice the gnoll!!
You feel a bit better.
You kill the gnoll!
The gnoll hits you with a +0 halberd.
* * * LOW HITPOINT WARNING * * *
😨 HP[-2]
You take 2 damage, and now have 32/68 hp.
An orc comes into view. It is wielding a +0 whip.
The gnoll hits you but does no damage. The gnoll hits you with a +0 halberd!
* * * LOW HITPOINT WARNING * * *
The gnoll misses you. 😨 HP[-10]
You take 10 damage, and now have 22/68 hp.
You slash the gnoll! The gnoll hits you with a +0 club.
* * * LOW HITPOINT WARNING * * *
The gnoll misses you. The gnoll hits you with a +0 halberd!
* * * LOW HITPOINT WARNING * * *
😱 HP[-15]
You take 15 damage, and now have 7/68 hp.
MASSIVE DAMAGE!! (PAUSE)
You slash the gnoll! You slash the gnoll.
You feel a bit better.
You kill the gnoll!
The gnoll hits you with a +0 halberd.
* * * LOW HITPOINT WARNING * * *
The gnoll hits you with a +0 club.
You die...

Skill      XL: |  1  2  3  4  5  6  7  8  9 |
---------------+----------------------------+-----
Transmutations | 2 3 4 5 6 7 |  7.0
Spellcasting   | 2 3 4 |  4.5
Unarmed Combat | 3 4 5 |  5.4
Poison Magic   | 1 2 |  2.0
Ice Magic      | 2 3 5 |  5.3
Fighting       | 2 |  2.3
Dodging        | 2 |  2.8

Action                     |  1- 3 |  4- 6 |  7- 9 || total
---------------------------+-------+-------+-------++-------
  Melee: Unarmed           |   107 |   175 |   216 ||   498
         Headbutt          |    13 |     7 |       ||    20
         Short sword       |    18 |       |       ||    18
         Kick              |    15 |    12 |       ||    27
         Punch             |     1 |     1 |     2 ||     4
   Cast: Beastly Appendage |    24 |    14 |       ||    38
         Spider Form       |     3 |    18 |     2 ||    23
         Wereblood         |     2 |     4 |    10 ||    16
         Ice Form          |       |     1 |    18 ||    19
         Blade Hands       |       |       |     1 ||     1
Ability: End Transformatio |       |       |     2 ||     2
    Use: Potion            |     1 |       |       ||     1
         Scroll            |     8 |     7 |     8 ||    23
   Stab: Sleeping          |     1 |       |       ||     1
 Armour: Robe              |    25 |     8 |     7 ||    40
         Skin              |    60 |     8 |    97 ||   165
  Dodge: Dodged            |   137 |   132 |   135 ||   404

Levels and vault maps discovered:
D:1:      mrwooster_arrival_statue_3, layout_basic,
          chequers_serial_rivers_micro_c
D:2:      minmay_inner_zag, layout_rooms, hellmonk_ecumenical_altar_arch_garden,
          guppyfry_early_lair_pool
D:3:      layout_rooms, serial_undead, serial_undead_b, serial_undead_b,
          serial_undead_e, serial_undead_f
D:4:      layout_basic
D:5:      lemuel_ratsnest, layout_loops_ring, minivault_1, minmay_joined_circles
D:6:      layout_basic, chequers_serial_rivers_small_b
D:7:      layout_basic, lemuel_round_altar, minmay_temple_entry_trees,
          kennysheep_generic_room_6
D:8:      layout_basic, makhleb_grotto_becter, overflow_temple_1_default,
          minmay_nine_imps

Notes
Turn   | Place    | Note
-------+----------+-------------------------------------------
     0 | D:1      | kae the Demigod Transmuter began the quest for the Orb.
     0 | D:1      | Reached XP level 1. HP: 15/15 MP: 5/5
     0 | D:1      | magus.rc [v1.11.3]
   106 | D:1      | Reached skill level 2 in Transmutations
   127 | D:1      | HP: 3/15 [dart slug/slug dart (3)]
   202 | D:1      | Reached skill level 2 in Spellcasting
   202 | D:1      | Reached XP level 2. HP: 19/22 MP: 4/7
   317 | D:1      | Reached skill level 3 in Unarmed Combat
   397 | D:1      | Learned a level 2 spell: Wereblood
   662 | D:1      | Reached XP level 3. HP: 25/27 MP: 8/8
   666 | D:1      | Learned a level 3 spell: Spider Form
   768 | D:2      | HP: 6/27 [hobgoblin (2)]
   773 | D:2      | HP: 5/27 [bat (1)]
  1297 | D:2      | Reached skill level 1 in Poison Magic
  1372 | D:2      | Reached skill level 3 in Transmutations
  1372 | D:2      | Reached XP level 4. HP: 27/34 MP: 7/10
  2013 | D:3      | You add the spells Sting, Poisonous Vapours and Olgreb's
                  | Toxic Radiance to your library.
  2066 | D:3      | Identified the +0 scale mail of Gozag's Benevolence {Int+2}
  2202 | D:3      | Reached XP level 5. HP: 33/39 MP: 6/11
  2299 | D:3      | You pick up a book of Party Tricks and begin reading...
  2299 | D:3      | You add the spells Apportation and Alistair's Intoxication
                  | to your library.
  2330 | D:3      | You pick up a book of the Hunter and begin reading...
  2330 | D:3      | You add the spells Call Canine Familiar, Portal Projectile
                  | and Leda's Liquefaction to your library.
  2456 | D:4      | Reached skill level 2 in Poison Magic
  2487 | D:4      | You pick up a book of Burglary and begin reading...
  2487 | D:4      | You add the spells Passwall, Ensorcelled Hibernation and
                  | Swiftness to your library.
  2877 | D:4      | Noticed an ogre
  2889 | D:4      | Killed an ogre
  2890 | D:4      | Reached skill level 4 in Transmutations
  3051 | D:4      | Reached skill level 3 in Spellcasting
  3051 | D:4      | Reached XP level 6. HP: 34/46 MP: 10/13
  3056 | D:4      | Learned a level 4 spell: Ice Form
  3355 | D:4      | You pick up a book of Callings and begin reading...
  3355 | D:4      | You add the spells Summon Small Mammal and Summon Guardian
                  | Golem to your library.
  3470 | D:5      | Entered Level 5 of the Dungeon
  3559 | D:5      | Reached skill level 1 in Ice Magic
  3582 | D:5      | You pick up a book of Dangerous Friends and begin
                  | reading...
  3582 | D:5      | You add the spells Orb of Destruction and Spellforged
                  | Servitor to your library.
  3648 | D:5      | HP: 10/46 [poisoned by an orc]
  3653 | D:5      | HP: 7/46 [poisoned by an orc]
  3978 | D:5      | Noticed a yak
  3979 | D:5      | Noticed a yak
  3994 | D:5      | Noticed a yak
  3995 | D:5      | Killed a yak
  3996 | D:5      | Reached skill level 4 in Unarmed Combat
  3999 | D:5      | Killed a yak
  4000 | D:5      | Reached skill level 5 in Transmutations
  4000 | D:5      | Reached skill level 2 in Ice Magic
  4000 | D:5      | Reached XP level 7. HP: 27/51 MP: 8/15
  4004 | D:5      | Killed a yak
  4292 | D:5      | Noticed a yak
  4303 | D:5      | Reached skill level 3 in Ice Magic
  4318 | D:5      | Killed a yak
  4697 | D:5      | Reached XP level 8. HP: 58/58 MP: 11/17
  4744 | D:5      | Reached skill level 4 in Ice Magic
  4761 | D:5      | Reached skill level 4 in Spellcasting
  4764 | D:5      | Reached skill level 6 in Transmutations
  5158 | D:6      | Reached skill level 1 in Fighting
  5158 | D:6      | Reached skill level 5 in Unarmed Combat
  5265 | D:6      | You pick up a book of Vapours and begin reading...
  5265 | D:6      | You add the spells Mephitic Cloud and Freezing Cloud to
                  | your library.
  5334 | D:6      | Reached skill level 2 in Dodging
  5868 | D:7      | You pick up a book of Iron and begin reading...
  5868 | D:7      | You add the spells Animate Armour, Blade Hands and Iron
                  | Shot to your library.
  6012 | D:7      | Found a staircase to the Ecumenical Temple.
  6033 | D:7      | Reached skill level 2 in Fighting
  6033 | D:7      | Reached skill level 5 in Ice Magic
  6051 | D:7      | Reached XP level 9. HP: 49/67 MP: 16/19
  6608 | D:7      | Learned a level 5 spell: Blade Hands
  6619 | D:8      | Reached skill level 7 in Transmutations
  6624 | D:8      | HP: 7/68 [gnoll/+0 halberd[a gnoll sergeant] (11)]
  6625 | D:8      | HP: 3/68 [gnoll/+0 halberd[a gnoll sergeant] (6)]
  6625 | D:8      | Slain by a gnoll

Vanquished Creatures
  4 yaks (D:5)
  A black bear (D:6)
  An ice beast (D:6)
  An orc warrior (D:7)
  A sky beast (D:6)
  2 ogres
  A centaur (D:7)
  A kobold brigand (D:7)
  2 gnoll sergeants
  A scorpion (D:7)
  3 wights (D:7)
  2 howler monkeys (D:7)
  4 hounds
  5 jellies
  A sleepcap (D:5)
  3 iguanas
  3 orc wizards
  6 adders
  22 gnolls
  11 river rats (D:5)
  A shadow imp (D:5)
  2 white imps
  An ufetubus (D:5)
  An adder zombie (D:3)
  2 worms
  3 dart slugs
  23 orcs
  5 endoplasms
  8 giant cockroaches
  3 goblins
  5 hobgoblins
  6 jackals
  8 kobolds
  10 quokkas
  11 ball pythons
  A ball python skeleton (D:3)
  6 bats
  3 frilled lizards
  A jackal skeleton (D:3)
  A quokka skeleton (D:3)
  20 rats
196 creatures vanquished.

Vanquished Creatures (others)
  2 withered plants (D:3)
2 creatures vanquished.

Grand Total: 198 creatures vanquished

Table legend:
 A = Non-vault XP
 B = Vault XP
 C = Vault XP percentage of total XP
 D = Non-vault monster count
 E = Vault monster count
 F = Vault count percentage of total count
                 A         B        C        D         E       F
            +---------+---------+-------+---------+---------+-------
      Total |    2955 |     853 |  22.4 |     148 |      48 |  24.5
            +---------+---------+-------+---------+---------+-------
        D:1 |      54 |       0 |   0.0 |      32 |       0 |   0.0
        D:2 |     101 |      19 |  15.8 |      27 |       5 |  15.6
        D:3 |      89 |       9 |   9.2 |      15 |       4 |  21.1
        D:4 |     243 |       0 |   0.0 |      14 |       0 |   0.0
        D:5 |     800 |     682 |  46.0 |      17 |      37 |  68.5
        D:6 |     540 |       0 |   0.0 |      11 |       0 |   0.0
        D:7 |     994 |     143 |  12.6 |      28 |       2 |   6.7
        D:8 |     134 |       0 |   0.0 |       4 |       0 |   0.0
            +---------+---------+-------+---------+---------+-------

Skill      XL: |  1  2  3  4  5  6  7  8  9 |
---------------+----------------------------+-----
Transmutations | 2 3 4 5 6 7 |  7.0
Spellcasting   | 2 3 4 |  4.5
Unarmed Combat | 3 4 5 |  5.4
Poison Magic   | 1 2 |  2.0
Ice Magic      | 2 3 5 |  5.3
Fighting       | 2 |  2.3
Dodging        | 2 |  2.8

Action                     |  1- 3 |  4- 6 |  7- 9 || total
---------------------------+-------+-------+-------++-------
  Melee: Unarmed           |   107 |   175 |   216 ||   498
         Headbutt          |    13 |     7 |       ||    20
         Short sword       |    18 |       |       ||    18
         Kick              |    15 |    12 |       ||    27
         Punch             |     1 |     1 |     2 ||     4
   Cast: Beastly Appendage |    24 |    14 |       ||    38
         Spider Form       |     3 |    18 |     2 ||    23
         Wereblood         |     2 |     4 |    10 ||    16
         Ice Form          |       |     1 |    18 ||    19
         Blade Hands       |       |       |     1 ||     1
Ability: End Transformatio |       |       |     2 ||     2
    Use: Potion            |     1 |       |       ||     1
         Scroll            |     8 |     7 |     8 ||    23
   Stab: Sleeping          |     1 |       |       ||     1
 Armour: Robe              |    25 |     8 |     7 ||    40
         Skin              |    60 |     8 |    97 ||   165
  Dodge: Dodged            |   137 |   132 |   135 ||   404

Illustrated notes

Table legend:
 A = Kills in this place as a percentage of kills in the entire game.
 B = Kills by you in this place as a percentage of kills by you in the entire game.
 C = Kills by friends in this place as a percentage of kills by friends in the entire game.
 D = Other kills in this place as a percentage of other kills in the entire game.
 E = Experience gained in this place as a percentage of experience gained in the entire game.
 F = Experience gained in this place divided by the number of levels of this place that you have seen.
                   A       B       C       D       E      F
               +-------+-------+-------+-------+-------+----------------------
         Total | 100.0 | 100.0 |   N/A |   N/A | 100.0 | 476.0
       Dungeon | 100.0 | 100.0 |   N/A |   N/A | 100.0 | 476.0
               +-------+-------+-------+-------+-------+----------------------

Table legend: (Time is in decaauts)
 A = Elapsed time spent in this place.
 B = Non-inter-level travel time spent in this place.
 C = Inter-level travel time spent in this place.
 D = Time resting spent in this place.
 E = Time spent auto-exploring this place.
 F = Levels seen in this place.
 G = Mean time per level.
                   A        B        C        D        E       F      G
               +--------+--------+--------+--------+--------+-----+--------+
         Total |   6592 |   6373 |    219 |    275 |   4857 |   8 |  824.0 |
       Dungeon |   6592 |   6373 |    219 |    275 |   4857 |   8 |  824.0 |
               +--------+--------+--------+--------+--------+-----+--------+

Top non-repeatable levels by time:
     D:5: 1475 daAuts
     D:4: 1062 daAuts
     D:2: 976 daAuts
     D:7: 912 daAuts
     D:1: 885 daAuts
     D:6: 724 daAuts
     D:3: 533 daAuts
     D:8: 22 daAuts
